 Dungeon Crawl Stone Soup version 0.23.2-1-ga50397a (webtiles) character file.

Game seed: 3187846510323065000

35 eccles the Firebug (level 3, 0/25 HPs)
             Began as a Mummy Fire Elementalist on May 3, 2019.
             Slain by Crazy Yiuf
             ... wielding a +2 quarterstaff of chaos
              (6 damage)
             ... on level 2 of the Dungeon.
             The game lasted 00:09:05 (1309 turns).

eccles the Firebug (Mummy Fire Elementalist)        Turns: 1309, Time: 00:09:07

Health: 0/25       AC:  2    Str: 11    XL:     3   Next: 16%
Magic:  1/7        EV: 12    Int: 15    God:
Gold:   66         SH:  0    Dex: 12    Spells: 5/8 levels left

rFire    x . .     SeeInvis .   i - +0 spear (curse)
rCold    + . .     Gourm    .   (no shield)
rNeg     + + +     Faith    .   a - +0 robe
rPois    ∞         Spirit   .   (no helmet)
rElec    .         Reflect  .   (no cloak)
rCorr    .         Harm     .   (no gloves)
MR       .....                  (no boots)
Stlth    ++........             (no amulet)
HPRegen  0.08/turn              (no ring)
MPRegen  0.10/turn              (no ring)

@: no status effects
A: no food or potions, fire vulnerability, cold resistance 1, negative energy
resistance 3, torment resistance, unbreathing
a: no special abilities


You were on level 2 of the Dungeon.
You were not hungry.

You visited 1 branch of the dungeon, and saw 2 of its levels.

You collected 66 gold pieces.

Inventory:

Hand Weapons
 i - a cursed +0 spear (weapon)
 m - a +1 mace of crushing
Missiles
 c - 11 bolts
Armour
 a - a +0 robe (worn)
Jewellery
 d - an uncursed ring of resist corrosion {unknown}
 f - an uncursed amulet of harm {unknown}
 h - a +5 ring of dexterity {unknown}
Scrolls
 b - 2 scrolls of magic mapping {unknown}
 e - 2 scrolls of identify {unknown}
 g - 3 scrolls of fear {unknown}
 j - a scroll of fog {unknown}
 k - 2 scrolls of remove curse {unknown}
 l - a scroll of teleportation {unknown}


   Skills:
 * Level 0.6 Fighting
 + Level 1.6 Dodging
 + Level 1.7 Stealth
 + Level 0.1 Unarmed Combat
 * Level 3.0 Spellcasting
 * Level 1.0 Conjurations
 * Level 3.0 Fire Magic


You had 5 spell levels left.
You knew the following spells:

 Your Spells              Type           Power        Failure   Level  Hunger
a - Flame Tongue          Conj/Fire      #....        9%          1    N/A
b - Throw Flame           Conj/Fire      #.....       13%         2    N/A

Your spell library contained the following spells:

 Spells                   Type           Power        Failure   Level  Hunger
 Conjure Flame            Conj/Fire      #.......     26%         3    N/A
 Inner Flame              Hex/Fire       #.......     32%         3    N/A
 Sticky Flame             Conj/Fire      #.......     63%         4    N/A
 Fireball                 Conj/Fire      #.........   93%         5    N/A

Dungeon Overview and Level Annotations

Branches:
Dungeon (2/15)

Altars:

Annotations:
D:2 Crazy Yiuf


Innate Abilities, Weirdness & Mutations

You do not eat or drink.
Your flesh is vulnerable to fire.
You are immune to poison.
Your flesh is cold resistant. (rC+)
You are immune to negative energy. (rN+++)
You are immune to unholy pain and torment.
You can survive without breathing.


Message History

Aim: Crazy Yiuf, wielding a +2 quarterstaff of chaos and wearing a +0 cloak (moderately wounded)
The flame tongue hits Crazy Yiuf but does no damage.
Crazy Yiuf is moderately wounded.
Crazy Yiuf says, "Lugonu!
Trifle fast childish."
Crazy Yiuf closely misses you.
Casting: Flame Tongue (safe; 9% risk of failure)
Confirm with . or Enter, or press ? or * to list all spells.
Aiming: Flame Tongue (safe; 9% risk of failure)
Press: ? - help, Shift-Dir - straight line, f/p - Crazy Yiuf
Aim: Crazy Yiuf, wielding a +2 quarterstaff of chaos and wearing a +0 cloak (moderately wounded)
The flame tongue hits Crazy Yiuf but does no damage.
Crazy Yiuf is moderately wounded.
Crazy Yiuf barely misses you.
You hit Crazy Yiuf.
Crazy Yiuf is heavily wounded.
Crazy Yiuf grits, "Shadow dark sanguine!"
Crazy Yiuf hits you with a +2 quarterstaff of chaos!
* * * LOW HITPOINT WARNING * * *
Crazy Yiuf burns you.
You die...

### ♣♣♣♣♣##... ###
♣♣♣)♣))))##
#)))#♣))♣))))))#####.#
#.))g@♣♣♣♣))))...†...#
#)))#♣♣ ♣♣))))..###.#
### ♣♣####.#####
#....†... ###.....#
#....... #......♣..
#.....♣.♣. #....♣._.♣


You could see Crazy Yiuf.

Vanquished Creatures
  An adder (D:2)
  A dart slug (D:1)
  2 leopard geckos
  3 goblins
  A hobgoblin (D:1)
  3 jackals (D:1)
  2 kobolds (D:1)
  4 bats (D:1)
  3 frilled lizards
  2 rats (D:1)
22 creatures vanquished.

Notes
Turn   | Place    | Note
-------+----------+-------------------------------------------
     0 | D:1      | eccles the Mummy Fire Elementalist began the quest for the
                  | Orb.
     0 | D:1      | Reached XP level 1. HP: 13/13 MP: 4/4
   157 | D:1      | Reached XP level 2. HP: 16/19 MP: 0/5
   825 | D:1      | Learned a level 2 spell: Throw Flame
  1135 | D:2      | Reached skill level 1 in Conjurations
  1135 | D:2      | Reached XP level 3. HP: 25/25 MP: 2/7
  1275 | D:2      | Found a faded altar of an unknown god.
  1300 | D:2      | Found a runed translucent door.
  1301 | D:2      | Noticed Crazy Yiuf
  1309 | D:2      | Slain by Crazy Yiuf

Skill      XL: |  1  2 |
---------------+-------+-----
Spellcasting   | 3 |  3.0
Conjurations   | 1 |  1.0
Fire Magic     | 3 |  3.0
Fighting       | |  0.6
Dodging        | |  1.6
Stealth        | |  1.7
Unarmed Combat | |  0.1

Action                   || total
-------------------------++-------
Melee: Unarmed           ||    17
       Spear             ||     6
 Cast: Flame Tongue      ||    31
       Throw Flame       ||     5
Armor: Robe              ||    10
Dodge: Dodged            ||    38
